 Dungeon Crawl Stone Soup version 0.28-a0-1518-gbe868bca14 (webtiles) character file.

Game seed: 659520168830297884

211 sanka the Covert (level 5, 0/47 HPs)
             Began as a Gnoll Delver on Jan 16, 2022.
             Slain by Eustachio (2 damage)
             ... on level 4 of the Dungeon.
             The game lasted 00:05:35 (4027 turns).

sanka the Covert (Gnoll Delver)                     Turns: 4027, Time: 00:05:36

Health: 0/47       AC:  6    Str: 11      XL:     5   Next: 88%
Magic:  7/7        EV: 13    Int: 12      God:
Gold:   15         SH:  0    Dex: 12 (13) Spells: 7/7 levels left

rFire   . . .      SeeInvis .     - Unarmed
rCold   + . .      Faith    .   (no shield)
rNeg    . . .      Spirit   .   a - +0 leather armour
rPois   .          Reflect  .   g - +1 hat
rElec   .          Harm     .   (no cloak)
rCorr   +          Rampage  .   p - +0 pair of gloves
Will    .....                   w - +0 pair of boots
Stlth   ++++......              t - amulet of magic regeneration
HPRegen 0.15/turn               o - ring of protection from cold
MPRegen 0.50/turn               q - ring of resist corrosion

@: hasted, very quick
A: fangs 1, strong nose, distributed training
a: no special abilities


You were on level 4 of the Dungeon.
You visited 1 branch of the dungeon, and saw 5 of its levels.

You collected 153 gold pieces.
You spent 138 gold pieces at shops.


Innate Abilities, Weirdness & Mutations

You have very sharp teeth.
Your uncanny sense of smell can sniff out nearby items.
Your experience applies equally to all skills.


   Skills:
 + Level 6.7 Fighting
 + Level 1.6 Short Blades
 + Level 1.6 Long Blades
 + Level 1.6 Axes
 + Level 1.6 Maces & Flails
 + Level 1.6 Polearms
 + Level 1.6 Staves
 + Level 1.6 Slings
 + Level 1.6 Bows
 + Level 1.6 Crossbows
 + Level 1.6 Throwing
 + Level 1.6 Armour
 + Level 4.8 Dodging
 + Level 9.7 Stealth
 + Level 1.6 Shields
 + Level 4.8 Unarmed Combat
 + Level 1.6 Spellcasting
 + Level 1.3 Conjurations
 + Level 1.3 Hexes
 + Level 1.3 Summonings
 + Level 1.3 Necromancy
 + Level 1.3 Translocations
 + Level 1.3 Transmutations
 + Level 1.3 Fire Magic
 + Level 1.3 Ice Magic
 + Level 1.3 Air Magic
 + Level 1.3 Earth Magic
 + Level 1.3 Poison Magic
 + Level 1.9 Invocations
 + Level 1.6 Evocations


You had 7 spell levels left.
You didn't know any spells.
Your spell library contained the following spells:

 Spells                   Type           Power      Damage    Failure   Level
 Static Discharge         Conj/Air       4%         N/A       32%         2
 Ignite Poison            Fire/Tmut/Pois 4%         N/A       54%         3
 Mephitic Cloud           Conj/Pois/Air  4%         N/A       54%         3
 Dispel Undead            Necr           4%         3d7       91%         4
 Sticky Flame             Conj/Fire      4%         2d3       91%         4
 Freezing Cloud           Conj/Ice/Air   2%         6-21      99%         5

Inventory:

Hand Weapons
 y - a +1 dagger of draining
Armour
 a - a +0 leather armour (worn)
 g - a +1 hat (worn)
 p - a +0 pair of gloves (worn)
 w - a +0 pair of boots (worn)
Magical Staves
 s - a staff of poison
 x - a staff of air
Jewellery
 o - a ring of protection from cold (left hand)
 q - a ring of resist corrosion (right hand)
 t - an amulet of magic regeneration (around neck)
Wands
 f - a wand of digging (11)
 v - a wand of paralysis (10)
Scrolls
 b - a scroll of fog
 c - a scroll of magic mapping
 d - a scroll of fear
 h - a scroll of holy word {unknown}
 n - a scroll of identify {unknown}
 r - a scroll of noise {unknown}
 u - a scroll of blinking {unknown}
Potions
 e - a potion of haste {@q3}
 i - a potion of curing {unknown}
 j - a potion of brilliance {unknown}
 k - a potion of lignification {unknown}
 l - a potion of flight {unknown}
 m - a potion of heal wounds {unknown}

Dungeon Overview and Level Annotations

Branches:
Dungeon (5/15)
 Temple: D:4-7

Altars:

Shops:
D:2 *

Annotations:
D:4 Eustachio

▒▒▒▒▒▒▒▒▒
▒.......▒▒▒▒.▒
▒.............
▒.......▒▒▒▒▒▒
▒....r..▒
▒....r.@▒▒▒▒▒▒▒▒▒
▒.....#g5r......▒
▒....)r55.......▒
▒...............▒
▒...............▒
▒..£.............▒▒▒▒▒
▒.▒▒.................▒
▒. ▒.................▒
▒...[................▒
▒▒▒▒....▒▒▒▒▒▒▒▒.....▒


You could see Eustachio, an iron imp (summoned), a quasit (summoned), an
ufetubus (summoned), 2 quokkas and 2 rats.


Message History

The bat hits you but does no damage. The quokka barely misses you.
You hit Eustachio but do no damage. Your bite misses Eustachio.
Eustachio is severely wounded.
The bat hits you but does no damage.
The ufetubus hits you but does no damage.
The ufetubus closely misses you. The quasit bites you.
* * * LOW HITPOINT WARNING * * *
The quasit closely misses you.
The quasit claws you but does no damage.
The bat hits you but does no damage.
Eustachio casts a spell.
The quokka bites you but does no damage.
You hit Eustachio.
Eustachio is severely wounded.
The ufetubus hits you but does no damage.
The ufetubus closely misses you. The iron imp hits you.
* * * LOW HITPOINT WARNING * * *
The quasit closely misses you. The quasit closely misses you.
The quasit claws you but does no damage.
You hit Eustachio but do no damage.
Eustachio is severely wounded.
The ufetubus misses you. The ufetubus closely misses you.
Eustachio hits you with a +0 falchion.
You die...

Action                   |  1- 3 |  4- 6 || total
-------------------------+-------+-------++-------
Melee: Unarmed           |    49 |   209 ||   258
       Bite              |     7 |    18 ||    25
       Punch             |       |     7 ||     7
  Use: Potion            |       |     1 ||     1
 Stab: Sleeping          |     2 |    11 ||    13
       Distracted        |       |     1 ||     1
Armor: Leather armour    |    14 |    76 ||    90
Dodge: Dodged            |    38 |   166 ||   204

Levels and vault maps discovered:
D:1:      nicolae_arrival_memento_mori, layout_basic,
          chequers_ecumenical_altar_twisty, chequers_arboretum, grunt_decor_cap
D:2:      layout_basic, serial_shops, nicolae_square_shop
D:3:      layout_basic
D:4:      layout_basic, uniq_eustachio
D:5:      minmay_chambers_of_threes, layout_cave_pools, jmf_multi_god_temple,
          corner_web_ring, kennysheep_generic_room_14

Notes
Turn   | Place    | Note
-------+----------+-------------------------------------------
     0 | D:5      | Reached skill level 9 in Stealth
     0 | D:5      | sanka the Gnoll Delver began the quest for the Orb.
     0 | D:5      | Reached XP level 1. HP: 23/23 MP: 1/1
   254 | D:5      | Reached skill level 1 in Invocations
   254 | D:5      | Reached XP level 2. HP: 22/29 MP: 1/3
   254 | D:5      | Reached XP level 3. HP: 26/35 MP: 1/4
   495 | D:3      | Reached skill level 1 in Short Blades
   495 | D:3      | Reached skill level 1 in Long Blades
   495 | D:3      | Reached skill level 1 in Axes
   495 | D:3      | Reached skill level 1 in Maces & Flails
   495 | D:3      | Reached skill level 1 in Polearms
   495 | D:3      | Reached skill level 1 in Staves
   495 | D:3      | Reached skill level 1 in Slings
   495 | D:3      | Reached skill level 1 in Bows
   495 | D:3      | Reached skill level 1 in Crossbows
   495 | D:3      | Reached skill level 1 in Throwing
   495 | D:3      | Reached skill level 1 in Armour
   495 | D:3      | Reached skill level 1 in Shields
   495 | D:3      | Reached skill level 1 in Spellcasting
   495 | D:3      | Reached skill level 1 in Evocations
   574 | D:3      | Reached XP level 4. HP: 35/41 MP: 5/5
   882 | D:3      | Reached skill level 1 in Conjurations
   882 | D:3      | Reached skill level 1 in Hexes
   882 | D:3      | Reached skill level 1 in Summonings
   882 | D:3      | Reached skill level 1 in Necromancy
   882 | D:3      | Reached skill level 1 in Translocations
   882 | D:3      | Reached skill level 1 in Transmutations
   882 | D:3      | Reached skill level 1 in Fire Magic
   882 | D:3      | Reached skill level 1 in Ice Magic
   882 | D:3      | Reached skill level 1 in Air Magic
   882 | D:3      | Reached skill level 1 in Earth Magic
   882 | D:3      | Reached skill level 1 in Poison Magic
  1196 | D:3      | Reached XP level 5. HP: 43/47 MP: 6/6
  1399 | D:2      | Found Jusut's Assorted Antiques.
  1615 | D:1      | Found a faded altar of an unknown god.
  2913 | D:2      | Bought a dented silver amulet for 115 gold pieces
  2918 | D:2      | Bought a scroll labelled OPHEJIAMMA for 23 gold pieces
  3975 | D:4      | Noticed Eustachio
  4026 | D:4      | HP: 2/47 [iron imp[Eustachio] (5)]
  4027 | D:4      | Slain by Eustachio

Vanquished Creatures
  A water moccasin skeleton (D:5)
  An orc priest (D:3)
  An orc wizard (D:3)
  2 adders (D:3)
  A worm (D:3)
  A dart slug (D:4)
  16 orcs
  A bat (D:3)
  7 endoplasms
  2 giant cockroaches (D:3)
  4 hobgoblins
  4 jackals (D:3)
  2 quokkas (D:1)
  6 ball pythons
  8 frilled lizards
  5 goblins
  7 kobolds
69 creatures vanquished.
